 Dungeon Crawl Stone Soup version 0.31.0-11-ge490571c62 (webtiles) character file.

Game seed: 5159041816952680898

72 shadizar the Shield-Bearer (level 4, 0/29 HPs)
             Began as a Gargoyle Fighter on Feb 3, 2024.
             Slain by a bombardier beetle (4 damage)
             ... on level 3 of the Dungeon.
             The game lasted 00:02:49 (1756 turns).

shadizar the Shield-Bearer (Gargoyle Fighter)       Turns: 1756, Time: 00:02:50

Health: 0/29       AC: 13    Str: 22    XL:     4   Next: 25%
Magic:  4/4        EV:  9    Int:  8    God:
Gold:   120        SH:  4    Dex:  9    Spells: 3/3 levels left

rFire   . . .        a - +0 flail
rCold   . . .        c - +0 buckler
rNeg    + . .        b - +0 scale mail
rPois   ∞            q - +0 helmet
rElec   +            (no cloak)
rCorr   .            i - +0 pair of gloves
SInv    .            (no boots)
Will    .....        (no amulet) Stlth
                     (no ring)
HPRegen 0.24/turn    (no ring)
MPRegen 0.09/turn

%: no passive effects
@: on fire, glowing
A: sickness immunity, AC +3, negative energy resistance 1, electricity
resistance, torment resistance 1, petrification resistance
a: no special abilities


You were on level 3 of the Dungeon.
You visited 1 branch of the dungeon, and saw 3 of its levels.

You collected 120 gold pieces.

Inventory:

Hand Weapons
 a - a +0 flail (weapon)
 k - a +1 whip of pain
 l - the +2 hand axe "Hediun" {elec, rPois rC+ rCorr}
   (You found it on level 2 of the Dungeon)

   rC+:       It protects you from cold.
   rPois:     It protects you from poison rCorr: It protects you from acid and
   corrosion.
Armour
 b - a +0 scale mail (worn)
 c - a +0 buckler (worn)
 i - a +0 pair of gloves (worn)
 q - a +0 helmet (worn)
Scrolls
 h - a scroll of amnesia {unknown}
 j - 3 scrolls of identify {unknown}
 n - a scroll of teleportation {unknown}
 p - a scroll of torment {unknown}
Potions
 d - a potion of might
 e - a potion of ambrosia {unknown}
 f - a potion of haste {unknown}
 m - a potion of brilliance {unknown}
 o - a potion of enlightenment {unknown}


   Skills:
 + Level 3.9 Fighting
 + Level 2.7 Maces & Flails
 + Level 3.9 Armour
 + Level 4.0 Shields


You had 3 spell levels left.
You didn't know any spells.
Your spell library contained the following spells:

 Spells                   Type           Power      Damage    Failure   Level
 Inner Flame              Hex/Fire       0%         N/A       99%         3
 Irradiate                Conj/Alch      0%         3d11      100%        5
 Ignition                 Fire           0%         3d3       100%        8


Dungeon Overview and Level Annotations

Branches:
Dungeon (3/15)

Altars:
Ashenzari

Shops:
D:2 !


Innate Abilities, Weirdness & Mutations

You are immune to sickness and miasma.
Your stone body is resilient. (AC +3)
You are immune to poison.
You resist negative energy. (rN+)
You are resistant to electric shocks. (rElec)
You are resistant to unholy torment.
You are immune to petrification.


Message History

You are covered in liquid fire!
You shake off some of the fire as you move.
The liquid fire burns you!
You shake off some of the fire as you move.
The liquid fire burns you!
You block the bombardier beetle's attack.
You closely miss the bombardier beetle. The liquid fire burns you!
The bombardier beetle barely misses you.
You hit the bombardier beetle.
The bombardier beetle is lightly wounded.
The liquid fire burns you!
* * * LOW HITPOINT WARNING * * *
The bombardier beetle bites you but does no damage.
You closely miss the bombardier beetle.
The bombardier beetle is lightly wounded.
The liquid fire burns you!
* * * LOW HITPOINT WARNING * * *
It was a potion of curing.
You feel better. The liquid fire burns you!
* * * LOW HITPOINT WARNING * * *
The bombardier beetle sprays incendiary fluid at you.
The burning spray hits you.
You are even more covered in liquid fire!
Unknown command.
You feel better. The liquid fire burns you!
The bombardier beetle sprays incendiary fluid at you.
The burning spray hits you.
You are even more covered in liquid fire!
Unknown command.
You hit the bombardier beetle.
The bombardier beetle is moderately wounded.
The liquid fire burns you!
You sock the bombardier beetle!
The bombardier beetle is almost dead.
The liquid fire burns you!
* * * LOW HITPOINT WARNING * * *
The bombardier beetle bites you.
You die...

...# #.#...## .#
##.#####.#..## .#
#..........# .#
#######.#..### .#
#..).>...# .#
#.#.#.##.####.# #
#.#...........#.#
#.#.............###
#.###..)...@B.......
#.# ####.###########
#.# #)# #.# #.#
#.######.#
#........#
##########


You could see a bombardier beetle.

Vanquished Creatures
  2 adders (D:2)
  A ribbon worm (D:2)
  3 dart slugs
  2 orcs (D:3)
  3 ball pythons
  3 endoplasms
  4 giant cockroaches
  3 goblins
  3 hobgoblins
  A quokka (D:1)
  8 bats
  3 frilled lizards
  2 kobolds (D:2)
  6 rats
44 creatures vanquished.

Notes
Turn   | Place    | Note
-------+----------+-------------------------------------------
     0 | D:1      | shadizar the Gargoyle Fighter began the quest for the Orb.
     0 | D:1      | Reached XP level 1. HP: 14/14 MP: 1/1
   103 | D:1      | Reached XP level 2. HP: 19/19 MP: 2/2
   768 | D:1      | Found a faded altar of an unknown god.
   846 | D:2      | Reached XP level 3. HP: 23/23 MP: 3/3
  1067 | D:2      | Identified the +2 hand axe "Hediun" {elec, rPois rC+ rCorr}
  1098 | D:2      | Found a broken altar of Ashenzari.
  1420 | D:2      | Reached XP level 4. HP: 25/29 MP: 4/4
  1507 | D:2      | Found Epeixtur's Distillery.
  1547 | D:3      | Reached skill level 4 in Shields
  1752 | D:3      | HP: 1/29 [burnt (4)]
  1756 | D:3      | Slain by a bombardier beetle

Illustrated notes

Levels and vault maps discovered:
D:1:      ebering_trefoil_twist, layout_loops_ring,
          shapermc_ecumenical_altar_mp_vishouse, dk_noncrumbling_3
D:2:      layout_basic, basic_altar, serial_shops, nicolae_shop_statue_plus,
          minmay_fractal_squares_gapless_5
D:3:      layout_loops_ring

Skill      XL: |  1  2  3  4 |
---------------+-------------+-----
Shields        | 4 |  4.0
Fighting       | |  3.9
Maces & Flails | |  2.7
Armour         | |  3.9

Action                     |  1- 3 |  4- 6 || total
---------------------------+-------+-------++-------
  Melee: Flail             |   160 |    24 ||   184
    Use: Potion            |       |     2 ||     2
 Armour: Scale mail        |   114 |    12 ||   126
  Dodge: Dodged            |    81 |     7 ||    88
  Block: Buckler           |    34 |     8 ||    42
